 Dungeon Crawl Stone Soup version 0.20-a0 (webtiles) character file.

105 Erock the Insei (level 4, -4/35 HPs)
             Began as a Demigod Transmuter on Oct 28, 2016.
             Slain by a goblin (5 damage)
             ... led by Robin
             ... on level 2 of the Dungeon.
             The game lasted 00:13:34 (1985 turns).

Erock the Insei (Demigod Transmuter)                Turns: 1985, Time: 00:13:35

Health: -4/35      AC:  2    Str: 20    XL:     4   Next: 29%
Magic:  9/9        EV: 13    Int: 17    God:
Gold:   99         SH:  2    Dex: 16    Spells: 1 memorised, 5 levels left

rFire  . . .     SeeInvis .       - Unarmed
rCold  . . .     Gourm    .     b - +0 robe
rNeg   . . .     Faith    .     (no shield)
rPois  .         Spirit   .     (no helmet)
rElec  .         Reflect  +     (no cloak)
rCorr  .         Harm     .     (no gloves)
MR     .....                    (no boots)
Stlth  ++........               l - +2 amulet of reflection
                                (no ring)
                                j - +5 ring of strength

@: no status effects
A: high mp 1
a: no special abilities


You were on level 2 of the Dungeon.
You were not hungry.

You visited 1 branch of the dungeon, and saw 2 of its levels.

You collected 99 gold pieces.

Inventory:

Missiles
 a - 12 arrows
 m - 79 stones (quivered)
Armour
 b - a +0 robe (worn)
 n - a +0 robe
Jewellery
 j - a +5 ring of strength (left hand)
 l - a +2 amulet of reflection (around neck)
 o - an uncursed ring of protection from magic {unknown}
Scrolls
 k - 2 scrolls of identify {unknown}
 p - a scroll of blinking {unknown}
Potions
 e - 2 potions of flight {unknown}
 f - a potion of curing {unknown}
 g - 2 potions of degeneration {unknown}
 h - a potion of mutation {unknown}
 i - a potion of beneficial mutation {unknown}
 q - a potion of resistance {unknown}
Books
 c - a book of Changes

   Spells                             Type                      Level
   a - Beastly Appendage              Transmutation                1
   b - Sticks to Snakes               Transmutation                2
   c - Spider Form                    Transmutation/Poison         3
   d - Ice Form                       Ice/Transmutation            4
   e - Blade Hands                    Transmutation                5
Comestibles
 d - 2 bread rations


   Skills:
 + Level 1.2 Fighting
 + Level 2.6 Dodging
 + Level 0.6 Stealth
 + Level 4.0 Unarmed Combat
 + Level 1.9 Spellcasting
 + Level 1.9 Transmutations


You had 5 spell levels left.
You knew the following spells:

 Your Spells              Type           Power        Failure   Level  Hunger
a - Beastly Appendage     Tmut           #.....       12%         1    #......


Dungeon Overview and Level Annotations

Branches:
Dungeon (2/15)

Annotations:
D:2 Robin


Innate Abilities, Weirdness & Mutations

You have an increased reservoir of magic. (+10% MP)


Message History

The hobgoblin is heavily wounded.
The goblin hits you. The hobgoblin barely misses you.
You hit the hobgoblin.
You kill the hobgoblin!
Your Unarmed Combat skill increases to level 4!
Robin hits you from afar with a trident.
The goblin hits you. Robin hits you with a trident!
* * * LOW HITPOINT WARNING * * *
You see here a short sword.
You hit Robin.
Robin is lightly wounded.
Robin closely misses you. The goblin hits you.
* * * LOW HITPOINT WARNING * * *
You closely miss the goblin. The goblin hits you.
* * * LOW HITPOINT WARNING * * *
You hit the goblin.
The goblin is severely wounded.
The goblin hits you.
You die...

#..........#
#)##
#.....##.#.#
#)##
#.....##.#.#
#.##
########.#.#
#... #......#
###.
#.##.........
#.
#)#######>...
.. #g# ...
##. #@# . #.
#g# ..


#gg #. #g## #. ..( #. ... #. ... #. ##... #. #. You could see Robin, a hobgoblin
and 3 goblins.

Vanquished Creatures
  Ijyb (D:2)
  2 adders (D:2)
  4 dart slugs
  3 giant cockroaches
  10 goblins
  8 hobgoblins
  6 kobolds
  A ball python (D:1)
  6 bats
  5 frilled lizards
  7 rats
53 creatures vanquished.

Notes
Turn   | Place    | Note
-------+----------+-------------------------------------------
     0 | D:1      | Erock the Demigod Transmuter began the quest for the Orb.
     0 | D:1      | Reached XP level 1. HP: 15/15 MP: 5/5
   130 | D:1      | Reached skill level 3 in Unarmed Combat
   529 | D:1      | Reached XP level 2. HP: 21/22 MP: 7/7
   606 | D:1      | Reached skill level 1 in Fighting
  1089 | D:2      | Reached XP level 3. HP: 28/28 MP: 8/8
  1156 | D:2      | Noticed Ijyb
  1172 | D:2      | Killed Ijyb
  1464 | D:2      | Reached XP level 4. HP: 26/35 MP: 9/9
  1968 | D:2      | Noticed Robin
  1981 | D:2      | Reached skill level 4 in Unarmed Combat
  1984 | D:2      | HP: 1/35 [goblin[Robin] (5)]
  1985 | D:2      | Slain by a goblin

Vault maps used:
D:1:      dpeg_arrival_long_road, minmay_misc_feat_encased, minmay_nonomino_d4
D:2:      first_bread, roderic_serpentine_path, uniq_robin, uniq_sigmund,
          uniq_iyjb

Skill      XL: |  1  2  3  4 |
---------------+-------------+-----
Unarmed Combat | 3 4 |  4.0
Fighting       | 1 |  1.2
Dodging        | 2 |  2.6
Stealth        | |  0.6
Spellcasting   | |  1.9
Transmutations | |  1.9

Action                   |  1- 3 |  4- 6 || total
-------------------------+-------+-------++-------
Melee: Unarmed           |   134 |    46 ||   180
       Punch             |       |     1 ||     1
Throw: Stone             |     3 |       ||     3
 Stab: Sleeping          |     3 |     1 ||     4
  Eat: Chunk             |     1 |       ||     1
       Meat ration       |     1 |       ||     1
Armor: Robe              |    39 |     8 ||    47
Dodge: Dodged            |    92 |    27 ||   119
Block: Other             |     3 |     2 ||     5
